 Dungeon Crawl Stone Soup version 0.17.1-1-g73c8601 (console) character file.

3762 Kloppie the Cleaver (level 9, 0/90 HPs)
             Began as a Deep Dwarf Fighter on Dec 21, 2015.
             Was a Priest of Makhleb.
             Killed from afar by Pikel (8 damage)
             ... with a wand of cold
             ... on level 8 of the Dungeon.
             The game lasted 00:17:00 (7081 turns).

Kloppie the Cleaver (Deep Dwarf Fighter)            Turns: 7081, Time: 00:17:00

Health: 0/90       AC: 17    Str: 20    XL:     9   Next: 94%
Magic:  5/5        EV:  6    Int:  9    God:    Makhleb [***...]
Gold:   478        SH:  0    Dex: 15    Spells: 0 memorised, 8 levels left

rFire  . . .     SeeInvis .     N - +0 battleaxe
rCold  . . .     Clarity  .     H - +0 plate armour
rNeg   + . .     SustAt   .     (shield currently unavailable)
rPois  +         Gourm    .     (no helmet)
rElec  .         Spirit   .     s - +1 cloak
rCorr  .         Warding  .     E - +0 pair of gloves
rMut   .         Stasis   .     (no boots)
MR     +....                    (no amulet)
Stlth  ..........               A - ring of poison resistance
                                g - ring of positive energy

@: non-regenerating, somewhat resistant to hostile enchantments, extremely
unstealthy
A: damage resistance, recharge devices, sense surroundings 2, slow regeneration
3
a: Device Recharging, Minor Destruction, Lesser Servant of Makhleb, Renounce
Religion


You were on level 8 of the Dungeon.
You worshipped Makhleb.
Makhleb was most pleased with you.
You were not hungry.

You visited 2 branches of the dungeon, and saw 9 of its levels.
You also visited: Sewer and Ossuary.

You collected 533 gold pieces.
You spent 55 gold pieces at shops.

Inventory:

Hand Weapons
 a - a +0 war axe
 b - a +2 flail of protection
 N - a +0 battleaxe (weapon)
Armour
 c - a +0 shield
 s - a +1 cloak (worn)
 E - a +0 pair of gloves (worn)
 H - a +0 plate armour (worn)
Jewellery
 g - a ring of positive energy (left hand)
 A - a ring of poison resistance (right hand)
 C - a +2 ring of intelligence
Wands
 e - a wand of heal wounds (1)
 v - a wand of frost (9)
 G - a wand of slowing (32)
 I - a wand of random effects (35)
 K - a wand of fire (9)
Scrolls
 k - a scroll of recharging {unknown}
 m - 2 scrolls of noise
 n - a scroll of magic mapping
 u - a scroll of amnesia
 y - 7 scrolls of teleportation
 z - 4 scrolls of remove curse
 J - a scroll of enchant weapon {unknown}
Potions
 d - 2 potions of lignification
 h - 6 potions of flight
 i - 6 potions of haste
 j - 9 potions of curing
 l - 3 potions of invisibility {unknown}
 q - a potion of magic {unknown}
 r - 2 potions of cancellation {unknown}
 t - 2 potions of poison {unknown}
 x - 2 potions of resistance {unknown}
 B - a potion of agility
 D - a potion of ambrosia
 F - 3 potions of heal wounds
 O - a potion of berserk rage {unknown}
Comestibles
 f - 7 bread rations
 o - 7 meat rations
 p - 6 chunks of flesh
 w - a royal jelly
 L - 5 beef jerkies
 M - 7 slices of pizza


   Skills:
 + Level 8.6 Fighting
 + Level 9.8 Axes
 + Level 8.4 Armour
 - Level 3.2 Shields


You had 8 spell levels left.
You didn't know any spells.

Dungeon Overview and Level Annotations

Branches:
Dungeon (8/15)             Temple (1/1) D:5
   Lair: D:8-11

Altars:
Cheibriados
Dithmenos
Fedhas
Gozag
Kikubaaqudgha
Makhleb
Nemelex Xobeh
Okawaru
Qazlal
Ru
Sif Muna
Trog
Vehumet
Zin
The Shining One

Shops:
D:4 ?

Annotations:
D:8 Pikel


Innate Abilities, Weirdness & Mutations

You are resistant to damage.
You can recharge devices by infusing magical energy.
You passively map the area around you.
You do not regenerate naturally.


Message History

You slash Pikel!
Pikel is heavily wounded.
You slash the slave!
You kill the slave!
That felt strangely unrewarding.
You hit the slave but do no damage. The slave hits you.
Pikel hits you but does no damage. The slave hits you but does no damage.
You slash Pikel!
Pikel is almost dead.
You hit the slave.
The slave is lightly wounded.
Pikel zaps a wand.
The bolt of cold hits you!
* * * LOW HITPOINT WARNING * * *
The slave barely misses you.
You miss Pikel.
Pikel is almost dead.
You barely miss the slave.
The slave is lightly wounded.
Pikel zaps a wand.
The bolt of cold hits you!
You die...

* , * #.......#...
*..%..##.....#......<#...
,
............####+####...
,
,........................
,
,...................##...
,
,...................#####
,
........................
*
.......Kp...............
......[@..(.............
*
,....!##............#####
### ##......(.....#, , ,,
#.............# ,
#...........<.# , ,*
##.....##.....# ,
#.....##.....# , , **
#.....#......# , ,, ,,
#.....#......#,


You could see Pikel and a slave.

Vanquished Creatures
  Grinder (D:4)
  A human (D:7)
  A hungry ghost (D:6)
  Menkaure (D:7)
  Duvessa (D:7)
  4 ogres
  2 ice beasts
  A sky beast (D:5)
  4 orc warriors
  A necrophage (D:7)
  2 centaurs
  3 slaves (D:8)
  3 elf zombies (D:6)
  A giant frog (D:6)
  Dowan (D:7)
  2 crimson imps (D:5)
  A hound (D:6)
  3 centaur zombies
  A human zombie (Ossuary)
  2 jellies (D:5)
  Crazy Yiuf (D:2)
  A giant frog zombie (D:5)
  4 orc priests
  Ijyb (D:2)
  2 giant frog skeletons (D:4)
  A human skeleton (D:6)
  5 orc wizards
  3 iguanas
  A merfolk avatar (Sewer)
  5 worker ants
  A siren (Sewer)
  4 sheep (D:7)
  2 big kobold zombies (Ossuary)
  A hound zombie (Ossuary)
  3 mummies (Ossuary)
  A hound skeleton (D:4)
  3 gnolls (D:3)
  15 adders
  3 river rats (Sewer)
  An ooze (D:1)
  An adder skeleton (D:6)
  6 adder zombies (Ossuary)
  6 worms
  23 orcs
  11 bats
  2 giant cockroaches
  7 goblins
  5 hobgoblins
  7 quokkas
  7 ball pythons
  10 giant geckos
  8 giant newts
  6 goblin zombies (Ossuary)
  A hobgoblin zombie (Ossuary)
  12 jackals
  A jackal skeleton (D:4)
  2 jackal zombies (Ossuary)
  10 kobolds
  3 kobold zombies (Ossuary)
  An orc skeleton (D:6)
  2 orc zombies
  4 quokka zombies
  31 rats
  5 rat zombies (Ossuary)
265 creatures vanquished.

Vanquished Creatures (others)
  A kobold (D:2)
1 creature vanquished.

Grand Total: 266 creatures vanquished

Notes
Turn   | Place    | Note
--------------------------------------------------------------
     0 | D:1      | Kloppie the Deep Dwarf Fighter began the quest for the Orb.
     0 | D:1      | Reached XP level 1. HP: 20/20 MP: 1/1
    55 | D:1      | Reached XP level 2. HP: 24/27 MP: 2/2
   614 | D:1      | Reached XP level 3. HP: 21/34 MP: 3/3
   955 | D:2      | Noticed Ijyb
   973 | D:2      | Killed Ijyb
   973 | D:2      | Reached XP level 4. HP: 41/44 MP: 4/4
   999 | D:2      | Reached skill level 4 in Fighting
  1042 | D:2      | Found a radiant altar of Vehumet.
  1102 | D:2      | Found a sparkling altar of Nemelex Xobeh.
  1128 | D:2      | Reached XP level 5. HP: 44/50 MP: 5/5
  1332 | D:2      | Found an iron altar of Okawaru.
  1429 | D:2      | Found a sacrificial altar of Ru.
  1541 | D:2      | Noticed Crazy Yiuf
  1550 | D:2      | Killed Crazy Yiuf
  1996 | D:3      | Reached skill level 5 in Axes
  2195 | D:3      | Reached XP level 6. HP: 46/58 MP: 6/6
  2651 | D:4      | Reached skill level 5 in Fighting
  2771 | D:4      | Found a glowing golden altar of the Shining One.
  2840 | D:4      | Found Ytiacren's Magic Scroll Emporium.
  2850 | D:4      | Bought a scroll of identify for 22 gold pieces
  2850 | D:4      | Bought a scroll of remove curse for 33 gold pieces
  3008 | D:4      | Reached skill level 6 in Axes
  3008 | D:4      | Reached XP level 7. HP: 24/67 MP: 6/6
  3250 | D:4      | Found a glowing drain.
  3254 | Sewer    | Entered a sewer
  3487 | Sewer    | Noticed a drowned soul
  3490 | Sewer    | Noticed a drowned soul
  3492 | Sewer    | Noticed a drowned soul
  3494 | Sewer    | Noticed a drowned soul
  3494 | Sewer    | Noticed a drowned soul
  3496 | Sewer    | Noticed a drowned soul
  3496 | Sewer    | Noticed a drowned soul
  3498 | Sewer    | Noticed a drowned soul
  3499 | Sewer    | Noticed a drowned soul
  3799 | D:4      | Noticed Grinder
  3809 | D:4      | Paralysed by Grinder for 3 turns
  3836 | D:4      | Paralysed by Grinder for 3 turns
  3864 | D:4      | Killed Grinder
  3876 | D:4      | Reached skill level 7 in Axes
  4017 | D:4      | Reached XP level 8. HP: 55/76 MP: 5/5
  4066 | D:5      | Entered Level 5 of the Dungeon
  4223 | D:5      | Reached skill level 5 in Armour
  4698 | D:5      | Found a staircase to the Ecumenical Temple.
  4704 | Temple   | Entered the Ecumenical Temple
  4909 | Temple   | Became a worshipper of Makhleb the Destroyer
  5245 | D:6      | Found a stormy altar of Qazlal.
  5245 | D:6      | Found a blossoming altar of Fedhas.
  5269 | D:6      | Reached skill level 8 in Axes
  5308 | D:6      | Found a sand-covered staircase.
  5332 | Ossuary  | Entered an ossuary
  5455 | Ossuary  | Reached * piety under Makhleb
  5675 | D:6      | Gained mutation: You passively map the area around you. [Deep Dwarf growth]
  5675 | D:6      | Reached XP level 9. HP: 70/86 MP: 6/6
  5844 | D:6      | Reached ** piety under Makhleb
  6014 | D:6      | Found an iron altar of Okawaru.
  6083 | D:6      | Reached skill level 9 in Axes
  6417 | D:7      | Noticed Menkaure
  6430 | D:7      | Killed Menkaure
  6521 | D:7      | Noticed Duvessa
  6522 | D:7      | Noticed Dowan
  6528 | D:7      | Killed Duvessa
  6557 | D:7      | Killed Dowan
  6886 | D:7      | Found a snail-covered altar of Cheibriados.
  6889 | D:7      | Found a deep blue altar of Sif Muna.
  6999 | D:8      | Reached *** piety under Makhleb
  7064 | D:8      | Noticed Pikel
  7081 | D:8      | Killed from afar by Pikel

Action                   |  1- 3 |  4- 6 |  7- 9 || total
-------------------------+-------+-------+-------++-------
Melee: War axe           |   105 |   306 |   702 ||  1113
       Battleaxe         |       |       |    15 ||    15
 Abil: Device Recharging |       |     1 |     3 ||     4
Evoke: Wand              |     1 |     5 |    15 ||    21
  Use: Scroll            |       |       |    12 ||    12
       Potion            |       |       |     1 ||     1
  Eat: Chunk             |       |     8 |    13 ||    21
       Fruit             |       |       |     3 ||     3
       Beef jerky        |       |       |     1 ||     1
       Bread ration      |       |       |     1 ||     1
